 Dungeon Crawl Stone Soup version 0.21.1-1-g345015fe64 (webtiles) character file.

38355 CaptDreibein the Carver (level 13, 0/112 HPs)
             Began as a Demonspawn Gladiator on June 19, 2018.
             Was an Elder of Makhleb.
             Slain by a seven-headed hydra (7 damage)
             ... on level 1 of the Lair of Beasts on June 21, 2018.
             The game lasted 01:26:14 (21804 turns).

CaptDreibein the Carver (Demonspawn Gladiator)     Turns: 21804, Time: 01:26:15

Health: 0/112      AC: 20    Str: 21    XL:     13   Next: 63%
Magic:  0/16       EV: 18    Int: 10    God:    Makhleb [****..]
Gold:   504        SH:  0    Dex: 16    Spells: 14/15 levels left

rFire    + . .     SeeInvis .   J - +2 mace (protect)
rCold    + . .     Gourm    +   (no shield)
rNeg     . . .     Faith    .   A - +3 ring mail {rF+}
rPois    +         Spirit   +   c - +0 helmet
rElec    .         Reflect  .   P - +0 cloak
rCorr    .         Harm     .   (no gloves)
MR       .....                  (no boots)
Stlth    ++........             v - amulet of the gourmand
HPRegen  0.28/turn              G - ring of the Octopus King {rC+ AC+1 EV+1 Str+1 Int+1 Dex+1}
MPRegen  0.15/turn              y - ring of poison resistance

@: protection aura
A: talons 2, repulsion field 1, powered by pain 1, robust 1, magic shield,
MP-powered wands
a: Minor Destruction, Lesser Servant of Makhleb, Major Destruction, Renounce
Religion


You were on level 1 of the Lair of Beasts.
You worshipped Makhleb.
Makhleb was greatly pleased with you.
You were completely stuffed.

You visited 3 branches of the dungeon, and saw 16 of its levels.
You also visited: Sewer and Bailey.

You collected 1197 gold pieces.
You spent 693 gold pieces at shops.

Inventory:

Hand Weapons
 e - the +1 great sword of Modesty {venom, Dex+2 SInv}
   (You bought it in a shop on level 8 of the Dungeon)

   It poisons the flesh of those it strikes.
   It affects your dexterity (+2).
   It lets you see invisible.
 J - a +2 mace of protection (weapon)
Missiles
 d - 12 tomahawks of returning (quivered)
Armour
 c - a +0 helmet (worn)
 A - a +3 ring mail of fire resistance (worn)
 P - a +0 cloak (worn)
Jewellery
 v - an amulet of the gourmand (around neck)
 y - a ring of poison resistance (right hand)
 D - an uncursed ring of protection from fire
 G - a ring of the Octopus King (left hand) {rC+ AC+1 EV+1 Str+1 Int+1 Dex+1}
   (You took it off an orc in a bailey)

   [ring of protection from cold]

   It affects your AC (+1).
   It affects your evasion (+1).
   It affects your strength (+1).
   It affects your intelligence (+1).
   It affects your dexterity (+1).
   It protects you from cold.
 N - an uncursed ring of resist corrosion
 O - the amulet "Uhetos" {RegenMP Dex+5 Slay+3}
   (You found it in a bailey)

   [amulet of magic regeneration]

   It increases your magic regeneration.
   It affects your dexterity (+5).
   It affects your accuracy and damage with ranged weapons and melee attacks
   (+3).
 V - an uncursed ring of ice
 Y - the ring of the King {rElec rF+ rN+ Int+2 SInv}
   (You found it on level 12 of the Dungeon)

   [ring of positive energy]

   It affects your intelligence (+2).
   It protects you from fire.
   It insulates you from electricity.
   It protects you from negative energy.
   It lets you see invisible.
 Z - an uncursed ring of protection from magic
Wands
 j - a wand of paralysis (14)
 s - a wand of disintegration (12)
 F - a wand of clouds (10)
 I - a wand of flame (37)
 K - a wand of iceblast (4)
Scrolls
 h - 3 scrolls of enchant armour
 i - 4 scrolls of enchant weapon
 k - 2 scrolls of fog
 m - a scroll of amnesia
 o - a scroll of immolation
 p - 11 scrolls of remove curse
 q - 10 scrolls of teleportation
 u - 6 scrolls of magic mapping
 L - 4 scrolls of identify
 Q - 3 scrolls of fear
Potions
 a - 2 potions of magic
 g - 2 potions of brilliance
 n - a potion of flight
 r - a potion of invisibility
 w - 3 potions of haste
 x - 10 potions of curing
 z - a potion of might
 B - 2 potions of lignification
 C - 3 potions of resistance
 H - a potion of ambrosia
 M - 4 potions of cancellation
 T - 7 potions of heal wounds
Books
 b - a book of Callings

   Spells                             Type                      Level
   a - Summon Small Mammal            Summoning                    1
   b - Call Imp                       Summoning                    2
   c - Call Canine Familiar           Summoning                    3
   d - Summon Guardian Golem          Hexes/Summoning              3
   e - Summon Lightning Spire         Summoning/Air                4
   f - Summon Ice Beast               Ice/Summoning                4
 l - a book of Cantrips

   Spells                             Type                      Level
   a - Confusing Touch                Hexes                        1
   b - Animate Skeleton               Necromancy                   1
   c - Summon Small Mammal            Summoning                    1
   d - Apportation                    Translocation                1
 t - a book of Transfigurations

   Spells                             Type                      Level
   a - Irradiate                      Conjuration/Transmutation    5
   b - Statue Form                    Transmutation/Earth          6
   c - Hydra Form                     Transmutation                6
   d - Dragon Form                    Transmutation                7
 E - a book of Changes

   Spells                             Type                      Level
   a - Beastly Appendage              Transmutation                1
   b - Sticks to Snakes               Transmutation                2
   c - Spider Form                    Transmutation/Poison         3
   d - Ice Form                       Ice/Transmutation            4
   e - Blade Hands                    Transmutation                5
 R - a book of Party Tricks

   Spells                             Type                      Level
   a - Summon Butterflies             Summoning                    1
   b - Apportation                    Translocation                1
   c - Lesser Beckoning               Translocation                3
   d - Tukima's Dance                 Hexes                        3
   e - Alistair's Intoxication        Transmutation/Poison         5
   f - Invisibility                   Hexes                        6
 W - a book of Power

   Spells                             Type                      Level
   a - Iskenderun's Battlesphere      Conjuration/Charms           5
   b - Venom Bolt                     Conjuration/Poison           5
   c - Bolt of Magma                  Conjuration/Fire/Earth       5
   d - Iron Shot                      Conjuration/Earth            6
   e - Orb of Destruction             Conjuration                  7
   f - Spellforged Servitor           Conjuration/Summoning        7
Miscellaneous
 U - a crystal ball of energy
Comestibles
 f - 21 rations
 S - a chunk of flesh


   Skills:
 + Level 9.7 Fighting
 + Level 12.4 Long Blades
   Level 9.4(9.6) Axes
 - Level 0.9(6.0) Maces & Flails
   Level 1.7(6.2) Polearms
 + Level 3.3 Throwing
 + Level 8.7 Armour
 + Level 6.9 Dodging
 - Level 5.0 Stealth
 + Level 1.6 Spellcasting
 + Level 1.0 Summonings
 + Level 4.4 Invocations


You had 14 spell levels left.
You knew the following spells:

 Your Spells              Type           Power        Failure   Level  Hunger
a - Summon Small Mammal   Summ           #...         32%         1    ##.....


Dungeon Overview and Level Annotations

Branches:
Dungeon (13/15)            Temple (1/1) D:6            Lair (2/6) D:9
 Shoals (0/4) Lair:2          Orc (0/2) D:10
  Snake: Lair:2-4    Spider: Lair:2-4    Vaults: D:13-14

Altars:
Ashenzari
Cheibriados
Dithmenos
Elyvilon
Fedhas
Gozag
Hepliaklqana
Kikubaaqudgha
Makhleb
Nemelex Xobeh
Okawaru
Qazlal
Ru
Trog
Uskayaw
Vehumet
Wu Jian
Xom
Yredelemnul
Zin
The Shining One

Shops:
D:8 (   D:9 *   D:13 ?*((


Innate Abilities, Weirdness & Mutations

You have razor-sharp toenails.
You are surrounded by a mild repulsion field. (EV +2)
You sometimes gain a little power by taking damage.
When hurt, damage is shared between your health and your magic reserves.
You are robust. (+10% HP)
You expend magic power (3 MP) to strengthen your wands.


Message History

The seven-headed hydra completely misses you.
Your smoke demon gestures at the seven-headed hydra.
The seven-headed hydra is smitten.
There is an escape hatch in the ceiling here.
The seven-headed hydra bites you!
* * * LOW HITPOINT WARNING * * *
The seven-headed hydra completely misses you.
The seven-headed hydra bites you.
* * * LOW HITPOINT WARNING * * *
The seven-headed hydra bites you!
* * * LOW HITPOINT WARNING * * *
The seven-headed hydra closely misses you. x2
The seven-headed hydra misses you. A mysterious force pulls you upwards.
The hatch slams shut behind you.
You sock the seven-headed hydra!
Your weapon exudes an aura of protection.
You claw the seven-headed hydra.
The seven-headed hydra is severely wounded.
The seven-headed hydra bites you!
You die...

## ### #########.......8....
.# ##.....#.....#. .#
#...8.......... ##
#.....#...8....
###.....##.....##
###.#.....##.....#.
#P.......###.....##
##.#......#...#.... ###
##.@D......#...#.... ###
#.######..............#####
.P#####..#.....#.........####
............P#...........#
#..####...####P..........#
#..## #....####.........##
...P# ##....###P.#....#.#
..### #.....###...###### ..#
#.....##.##.###


You could see a seven-headed hydra.

Vanquished Creatures
  Fannar (Lair:2)
  4 hydras
  3 two-headed ogres
  A death knight (D:13)
  A centaur warrior (D:13)
  3 death yaks (Lair:2)
  An unseen horror (D:11)
  Pikel (D:6)
  An orc knight (Bailey)
  A wizard (D:12)
  2 deep elf magi
  6 ugly things
  A wolf spider (D:10)
  A cyclops (D:12)
  3 manticores
  A gargoyle (D:10)
  2 spiny frogs
  2 komodo dragons
  A tengu conjurer (D:13)
  8 trolls
  4 blink frogs (Lair:1)
  A slime creature (D:8)
  8 hippogriffs
  A spriggan (D:7)
  3 wyverns
  19 yaks
  2 hungry ghosts
  A basilisk (Lair:1)
  The ghost of Artool the Skirmisher, an amateur DsAK of Lugonu (D:4)
  A steam dragon (D:7)
  4 vampire mosquitoes (D:12)
  Menkaure (D:7)
  A soldier ant (D:13)
  5 acid dragons
  3 water moccasins (Lair:1)
  6 porcupines
  2 sky beasts
  2 ice beasts
  9 orc warriors
  3 slaves
  4 black bears
  3 phantoms
  6 ogres
  5 necrophages
  20 centaurs
  8 crocodiles
  2 big kobolds
  A gnoll sergeant (D:12)
  13 bullfrogs
  A wyvern zombie (D:10)
  2 scorpions
  A water moccasin zombie (D:12)
  A wyvern skeleton (D:11)
  3 wights
  7 killer bees
  2 vampire bats (D:5)
  4 howler monkeys
  An electric eel (D:8)
  3 centaur zombies
  4 crimson imps
  2 bullfrog zombies
  6 hounds
  3 jellies
  13 orc wizards
  3 bullfrog skeletons
  2 centaur skeletons
  10 orc priests
  3 iguanas
  13 worker ants
  A killer bee zombie (D:5)
  2 human simulacra (D:12)
  2 hound skeletons
  A worker ant zombie (D:5)
  A howler monkey skeleton (D:5)
  4 gnolls
  18 adders
  3 shadow imps
  2 oozes
  An adder zombie (D:9)
  7 worms
  3 dart slugs
  4 leopard geckos
  53 orcs
  4 ball pythons
  4 bat skeletons (D:5)
  2 bat zombies (D:5)
  8 giant cockroaches
  11 goblins
  9 hobgoblins
  7 jackals
  35 kobolds
  8 quokkas
  A ball python zombie (D:5)
  11 bats
  5 frilled lizards
  3 leopard gecko skeletons (D:4)
  A leopard gecko zombie (D:5)
  7 rats
485 creatures vanquished.

Vanquished Creatures (collateral kills)
  Erolcha (D:11)
  A two-headed ogre (D:12)
  Sonja (D:13)
  A cyclops (D:12)
  An ugly thing (D:12)
  A kobold demonologist (D:12)
  A troll (D:11)
  A yak (D:12)
  An acid dragon (D:12)
  2 bullfrogs (D:12)
  4 killer bees (D:12)
  A bullfrog zombie (D:12)
  2 adders (D:12)
18 creatures vanquished.

Vanquished Creatures (others)
  A two-headed ogre (D:12)
  A slave (D:6)
  A wight (D:6)
  A killer bee zombie (D:6)
  A bush (D:2)
  A plant (Lair:1)
6 creatures vanquished.

Grand Total: 509 creatures vanquished

Notes
Turn   | Place    | Note
-------+----------+-------------------------------------------
     0 | D:1      | CaptDreibein the Demonspawn Gladiator began the quest for the Orb.
     0 | D:1      | Reached XP level 1. HP: 16/16 MP: 1/1
   376 | D:1      | Gained mutation: When hurt, damage is shared between your health and your magic reserves. [demonic ancestry]
   376 | D:1      | Reached XP level 2. HP: 22/22 MP: 2/2
  1048 | D:1      | Gained mutation: You have sharp toenails. [demonic ancestry]
  1048 | D:1      | Reached XP level 3. HP: 25/27 MP: 3/3
  1853 | D:2      | Gained mutation: You sometimes gain a little power by taking damage. [demonic ancestry]
  1853 | D:2      | Reached XP level 4. HP: 31/33 MP: 2/4
  1884 | D:2      | Found a radiant altar of Vehumet.
  1884 | D:2      | Found a sparkling altar of Nemelex Xobeh.
  1885 | D:2      | Found a hazy altar of Hepliaklqana.
  2482 | D:3      | HP: 1/34 [orc priest/divine providence (10)]
  2484 | D:3      | Reached skill level 1 in Armour
  2484 | D:3      | Reached XP level 5. HP: 2/39 MP: 1/5
  2980 | D:3      | Found a glowing drain.
  3017 | Sewer    | Entered a sewer
  3136 | Sewer    | Noticed a crocodile
  3143 | Sewer    | Killed a crocodile
  3143 | Sewer    | Reached skill level 5 in Axes
  3143 | Sewer    | Reached XP level 6. HP: 30/47 MP: 3/6
  4078 | D:3      | Found a basalt altar of Yredelemnul.
  4634 | D:4      | Reached XP level 7. HP: 37/52 MP: 7/7
  4765 | D:4      | Noticed Artool's ghost (amateur DsAK)
  4790 | D:4      | Killed Artool's ghost
  4790 | D:4      | Reached skill level 1 in Stealth
  5110 | D:4      | Noticed a hippogriff
  5254 | D:4      | Reached XP level 8. HP: 15/60 MP: 5/8
  5508 | D:4      | Killed a hippogriff
  6010 | D:5      | Entered Level 5 of the Dungeon
  6155 | D:5      | Found an ancient bone altar of Kikubaaqudgha.
  6418 | D:5      | Learned a level 1 spell: Summon Small Mammal
  7362 | D:6      | Noticed Pikel
  7627 | D:6      | Killed Pikel
  7627 | D:6      | Reached skill level 5 in Fighting
  7627 | D:6      | Gained mutation: You have razor-sharp toenails. [demonic ancestry]
  7627 | D:6      | Reached XP level 9. HP: 47/68 MP: 9/9
  7800 | D:6      | Found a sacrificial altar of Ru.
  8083 | D:6      | Reached skill level 5 in Armour
  8123 | D:6      | Found a staircase to the Ecumenical Temple.
  8128 | Temple   | Entered the Ecumenical Temple
  8674 | D:7      | Noticed Menkaure
  8683 | D:7      | Killed Menkaure
  9090 | D:7      | Reached skill level 1 in Polearms
  9090 | D:7      | Reached skill level 1 in Spellcasting
  9856 | D:8      | Found Ijisoytu's Antique Weapon Shop.
  9880 | D:8      | Bought a twisted great sword for 184 gold pieces
  9880 | D:8      | Identified the cursed +1 great sword of Modesty {venom, Dex+2 SInv} (You bought it in a shop on level 8 of the Dungeon)
 10401 | D:8      | Reached XP level 10. HP: 7/75 MP: 2/11
 10768 | D:7      | Got a vibrating brass ring
 10838 | D:8      | Noticed a deep elf mage
 10989 | D:8      | Reached skill level 1 in Long Blades
 11090 | D:8      | Killed a deep elf mage
 11090 | D:8      | Reached skill level 2 in Long Blades
 11094 | D:8      | Identified the ring "Kettehuf" {*Tele Dex+2} (You took it off an orc on level 7 of the Dungeon)
 11169 | D:8      | Found a burning altar of Makhleb.
 11169 | D:8      | Noticed a cacodemon
 11175 | D:8      | Became a worshipper of Makhleb the Destroyer
 11514 | D:9      | Found Nyd Nupi's Island Escapes.
 11566 | D:9      | Reached skill level 3 in Long Blades
 11819 | D:9      | Reached skill level 4 in Long Blades
 11992 | D:9      | Found a flagged portal.
 11998 | Bailey   | Entered a bailey
 12099 | Bailey   | Reached * piety under Makhleb
 12368 | Bailey   | Noticed an orc knight
 12390 | Bailey   | Killed an orc knight
 12390 | Bailey   | Reached skill level 1 in Summonings
 12654 | Bailey   | Got a ring of the Octopus King
 12659 | Bailey   | Got a flickering garnet amulet
 12691 | Bailey   | Identified a ring of the Octopus King {rC+ AC+1 EV+1 Str+1 Int+1 Dex+1} (You took it off an orc in a bailey)
 12693 | Bailey   | Identified the amulet "Uhetos" {RegenMP Dex+5 Slay+3} (You found it in a bailey)
 12765 | D:9      | Got a sparkling bronze amulet
 12767 | D:9      | Identified the amulet "Pomeblue" {Spirit rF+ MR- Int+4 Dex+2} (You found it on level 9 of the Dungeon)
 13005 | D:9      | Reached ** piety under Makhleb
 13005 | D:9      | Reached skill level 5 in Long Blades
 13044 | D:9      | Gained mutation: You are surrounded by a mild repulsion field. (EV +2) [demonic ancestry]
 13044 | D:9      | Reached XP level 11. HP: 71/83 MP: 11/13
 13153 | D:9      | Found a staircase to the Lair.
 13214 | D:10     | Entered Level 10 of the Dungeon
 13214 | D:10     | Found a staircase to the Orcish Mines.
 13223 | D:10     | Found a stormy altar of Qazlal.
 13662 | D:10     | Reached skill level 5 in Dodging
 13762 | D:10     | Reached skill level 6 in Long Blades
 13999 | D:10     | Noticed a wolf spider
 14004 | D:10     | Killed a wolf spider
 14250 | D:10     | Reached *** piety under Makhleb
 14281 | D:10     | Noticed a four-headed hydra
 14292 | D:10     | Killed a four-headed hydra
 14292 | D:10     | Reached skill level 7 in Long Blades
 14796 | D:11     | Noticed a white ugly thing
 14803 | D:11     | Killed a white ugly thing
 14992 | D:11     | Found a transporter.
 15003 | D:11     | Found a transporter.
 15251 | D:11     | HP: 1/84 [something (10)]
 15259 | D:11     | Got an ichor-stained spear
 15594 | D:11     | Identified the +3 spear "Maak Denn" {flame, +Rage rElec rC- MR-} (You found it on level 11 of the Dungeon)
 15605 | D:11     | Reached skill level 8 in Long Blades
 15697 | D:11     | Noticed a two-headed ogre
 15717 | D:11     | Killed a two-headed ogre
 15745 | D:11     | Noticed Erolcha
 15755 | D:11     | Killed Erolcha
 15755 | D:11     | Reached skill level 1 in Invocations
 16028 | D:11     | Reached XP level 12. HP: 88/92 MP: 12/14
 16278 | D:12     | Reached skill level 9 in Long Blades
 16344 | D:12     | Noticed a two-headed ogre
 16491 | D:12     | Killed a two-headed ogre
 16504 | D:12     | Killed a two-headed ogre
 16537 | D:12     | Noticed a seven-headed hydra
 16544 | D:12     | Killed a seven-headed hydra
 16580 | D:12     | Noticed a two-headed ogre
 16589 | D:12     | Killed a two-headed ogre
 16846 | D:12     | Reached skill level 10 in Long Blades
 17655 | D:12     | Got a shimmering gossamer ring
 18008 | D:13     | Identified the ring of the King {rElec rF+ rN+ Int+2 SInv} (You found it on level 12 of the Dungeon)
 18023 | D:13     | Found Lezutao's General Store.
 18033 | D:13     | Reached skill level 11 in Long Blades
 18235 | D:13     | Bought a ration for 95 gold pieces
 18235 | D:13     | Bought a scroll of enchant weapon for 142 gold pieces
 18515 | D:13     | Reached **** piety under Makhleb
 18518 | D:13     | Noticed a death knight
 18533 | D:13     | Killed a death knight
 18675 | D:13     | Noticed a two-headed ogre
 18684 | D:13     | Killed a two-headed ogre
 18684 | D:13     | Reached XP level 13. HP: 101/101 MP: 14/16
 18860 | D:13     | Gained mutation: You expend magic power (3 MP) to strengthen your wands. [potion of mutation]
 18860 | D:13     | Gained mutation: You are robust. (+10% HP) [potion of mutation]
 19560 | D:13     | Found Selypn's Antique Weapon Shoppe.
 19584 | D:13     | Bought a steaming war axe for 272 gold pieces
 19585 | D:13     | Identified the +5 war axe "Gram" {chop, rElec rF+ Str-5} (You bought it in a shop on level 13 of the Dungeon)
 19800 | D:13     | Found Errukhli's Antique Weapon Shop.
 19834 | D:13     | Noticed Sonja
 19857 | D:13     | Killed Sonja
 20182 | D:13     | Found Atipus's Magic Scroll Shop.
 20361 | Lair:1   | Entered Level 1 of the Lair of Beasts
 20468 | Lair:1   | Reached skill level 12 in Long Blades
 20849 | Lair:1   | Reached skill level 5 in Stealth
 20933 | Lair:1   | Got a slimy chain mail
 20944 | Lair:1   | Identified the cursed +0 chain mail of Kindness {Regen+ Int+3 Dex+4} (You found it on level 1 of the Lair of Beasts)
 21643 | Lair:2   | Found a staircase to the Shoals.
 21702 | Lair:2   | Noticed Fannar
 21727 | Lair:2   | Killed Fannar
 21804 | Lair:1   | Slain by a seven-headed hydra

Skill      XL: |  1  2  3  4  5  6  7  8  9 10 11 12 13 |
---------------+----------------------------------------+-----
Dodging        | 3 4 5 6 |  6.9
Axes           | 3 4 5 6 8 9 |  9.4
Armour         | 1 2 3 4 5 6 7 8 |  8.7
Fighting       | 3 5 6 7 9 |  9.7
Stealth        | 1 2 3 4 5 |  5.0
Polearms       | 1 |  1.7
Spellcasting   | 1 |  1.6
Long Blades    | 5 8 11 12 | 12.4
Throwing       | 3 |  3.3
Summonings     | 1 |  1.0
Invocations    | 1 4 |  4.4
Maces & Flails | |  0.9

Action                   |  1- 3 |  4- 6 |  7- 9 | 10-12 | 13-15 || total
-------------------------+-------+-------+-------+-------+-------++-------
Melee: War axe           |   125 |   174 |   358 |       |       ||   657
       Kick              |    12 |    47 |   140 |   282 |   104 ||   585
       Spear             |       |       |    78 |       |       ||    78
       Mace              |       |       |    25 |    12 |    21 ||    58
       Great sword       |       |       |    24 |   494 |   158 ||   676
       Unarmed           |       |       |       |     4 |       ||     4
Throw: Tomahawk          |       |       |       |    48 |       ||    48
       Throwing net      |       |       |       |     4 |       ||     4
       Javelin           |       |       |       |     3 |       ||     3
 Cast: Summon Small Mamm |       |       |     2 |     2 |       ||     4
Invok: Lesser Servant of |       |       |       |    18 |     2 ||    20
  Use: Potion            |       |       |     3 |     2 |     2 ||     7
       Scroll            |       |       |    12 |     3 |    15 ||    30
 Stab: Sleeping          |       |       |     2 |     9 |     5 ||    16
       Distracted        |       |       |       |     5 |     2 ||     7
  Eat: Chunk             |     3 |     9 |    17 |    21 |     9 ||    59
       Ration            |       |       |     2 |     3 |     3 ||     8
Armor: Leather armour    |    42 |       |       |       |       ||    42
       Ring mail         |     7 |    23 |    82 |   207 |    71 ||   390
       Skin              |     2 |       |       |       |       ||     2
       Chain mail        |       |    75 |   167 |       |       ||   242
Dodge: Dodged            |    95 |    93 |   264 |   649 |   226 ||  1327
       Rpst.: Great sword |       |       |     4 |   158 |    43 ||   205
